 Dungeon Crawl Stone Soup version 0.18.1-50-g88ac8fd (webtiles) character file.

851 Ginkk the Skirmisher (level 7, -7/55 HPs)
             Began as a Demonspawn Abyssal Knight on Sept 22, 2016.
             Was a Priest of Lugonu.
             Mangled by a large abomination (12 damage)
             ... summoned by Lugonu's corruption
             ... on level 6 of the Dungeon on Sept 23, 2016.
             The game lasted 00:45:34 (5650 turns).

Ginkk the Skirmisher (Demonspawn Abyssal Knight)    Turns: 5650, Time: 00:45:37

Health: -7/55      AC: 17    Str: 12    XL:     7   Next: 69%
Magic:  4/9        EV:  4    Int: 19    God:    Lugonu [***...]
Gold:   310        SH:  0    Dex: 13    Spells: 0 memorised, 6 levels left

rFire  . . .     SeeInvis .     A - +2 war axe
rCold  . . .     Gourm    .     w - +0 plate armour
rNeg   . . .     Faith    .     (no shield)
rPois  .         Spirit   .     (no helmet)
rElec  .         Dismiss  .     D - +0 cloak
rCorr  .         Reflect  .     (no gloves)
SustAt .         Harm     .     (no boots)
MR     .....                    (no amulet)
Stlth  ..........               (no ring)
                                C - +5 ring of intelligence

@: not resistant to hostile enchantments, extremely unstealthy
A: rough black scales 1, demonic guardian 1
a: Depart the Abyss, Bend Space, Banish, Renounce Religion


You were on level 6 of the Dungeon.
You worshipped Lugonu.
Lugonu was most pleased with you.
You were not hungry.

You visited 1 branch of the dungeon, and saw 9 of its levels.
You visited the Abyss 1 time.

You collected 310 gold pieces.

Inventory:

Hand Weapons
 d - a +0 trident
 g - a +0 flail
 h - a +1 vampiric dagger
 r - a cursed -3 short sword
 t - a +1 mace of draining
 y - a +0 shortbow
 A - a +2 war axe (weapon)
Missiles
 e - 125 stones
 k - 78 arrows
 l - 2 javelins
 n - 2 needles of paralysis
 u - 7 tomahawks (quivered)
 B - 14 poisoned needles
Armour
 b - a +0 ring mail of magic resistance
 j - a +1 chain mail
 w - a +0 plate armour (worn)
 D - a +0 cloak (worn)
Jewellery
 C - a +5 ring of intelligence (left hand)
Wands
 o - a wand of digging (20/24)
 q - a wand of confusion (44/48)
 v - a wand of iceblast (10/15)
Scrolls
 a - 2 scrolls of teleportation
 i - 4 scrolls of remove curse
 m - a scroll of blinking
Potions
 x - a potion of cure mutation
 z - a potion of heal wounds
Comestibles
 c - 3 bread rations
 f - a chunk of flesh
 p - 2 meat rations
 s - 2 fruits


   Skills:
 + Level 4.5 Fighting
 + Level 1.8(3.1) Axes
 + Level 3.8(4.1) Maces & Flails
 + Level 1.5 Throwing
 + Level 4.5 Armour
 + Level 3.0 Dodging
 + Level 0.6 Stealth
 + Level 3.7 Invocations


You had 6 spell levels left.
You didn't know any spells.

Dungeon Overview and Level Annotations

Branches:
Dungeon (9/15)
 Temple: D:4-7         Lair: D:8-11         Orc: D:9-12

Altars:
Ashenzari
Cheibriados
Dithmenos
Elyvilon
Nemelex Xobeh
The Shining One

Annotations:
D:6 corrupted


Innate Abilities, Weirdness & Mutations

You are partially covered in rough black scales (AC +4, Dex -1).
A weak demonic guardian rushes to your aid.


Message History

The small abomination hits something.
The chaos spawn hits something.
Something hits the small abomination!!
The small abomination is destroyed!
A starcursed mass splits.
The iron imp misses something.
You hear a chilling moan. 2 starspawn tentacles and a starspawn tentacle segment come into view.
The fire bat bites something.
Something is engulfed in flames.
The fire bat completely misses something.
The chaos spawn completely misses something.
Something hits the fire bat!
A starcursed mass splits.
The starspawn tentacle barely misses something.
Some of the chunks of flesh in your inventory have rotted away.
This raw flesh tastes terrible.
The fire bat bites something but does no damage.
The large abomination hits you!!
* * * LOW HITPOINT WARNING * * *
The chaos spawn gores something!
The eye of draining gazes at something.
The large abomination hits you!
You die...

.h....#..#......
..##.##..#####..
..55..#.........
#G5.X#..#.....
###.#..#..#!.####
#.bt3..#..#......
#3.w.#.#..#......
#X.#\###..#####..
#@4X.XZ.#........
#X45X.†..........
#.X################
#.. #..# ###


You could see 4 neutral starcursed masses, a neutral tentacled starspawn, a
neutral orange demon (wandering), a neutral apocalypse crab, a neutral thrashing
horror, a neutral large abomination (wandering), a neutral ice devil
(wandering), a neutral eye of draining, a neutral smoke demon (wandering), a
neutral chaos spawn, a neutral fire bat, a neutral starspawn tentacle, a neutral
iron imp (wandering), 3 neutral ufetubi and a neutral fire dragon skeleton
(wandering).

Vanquished Creatures
  A centaur (D:5)
  2 giant frogs (D:9)
  A crimson imp (D:6)
  An orc priest (D:9)
  2 hounds (D:4)
  A jelly (D:8)
  A centaur skeleton (D:5)
  A giant frog skeleton (D:9)
  An iguana (D:4)
  Ijyb (D:2)
  4 orc wizards
  A hound zombie (D:5)
  3 adders
  A shadow imp (D:5)
  2 worms (D:2)
  3 dart slugs (D:1)
  24 orcs
  5 bats
  3 giant cockroaches
  9 goblins
  14 hobgoblins
  16 jackals
  9 kobolds
  A quokka (D:2)
  2 ball pythons
  A giant newt (D:1)
  A quokka zombie (D:9)
  8 rats
119 creatures vanquished.

Vanquished Creatures (collateral kills)
  A giant frog (D:8)
  2 scorpions
  A worker ant (D:2)
  An orc (D:4)
  A giant cockroach (D:4)
  A quokka (D:2)
7 creatures vanquished.

Vanquished Creatures (others)
  An iguana (D:6)
  The ghost of Drunkenshrew the Ruffian, a weakling DrMo (D:3)
  An adder (D:6)
  An ooze (D:6)
  A giant gecko (D:6)
  An orc (D:6)
  A giant cockroach (D:6)
  A quokka (D:6)
  A starspawn tentacle (D:6)
  20 starspawn tentacle segments (D:6)
29 creatures vanquished.

Grand Total: 155 creatures vanquished

Notes
Turn   | Place    | Note
--------------------------------------------------------------
     0 | Abyss:1  | Ginkk the Demonspawn Abyssal Knight began the quest for the Orb.
     0 | Abyss:1  | Reached XP level 1. HP: 18/18 MP: 2/2
    10 | D:1      | Escaped the Abyss
   148 | D:2      | Found a snail-covered altar of Cheibriados.
   167 | D:2      | Reached skill level 1 in Dodging
   212 | D:3      | Noticed Drunkenshrew's ghost (weakling DrMo)
   216 | D:3      | Noticed an orc priest
   230 | D:2      | Gained mutation: You are partially covered in rough black scales (AC +4, Dex -1). [demonic ancestry]
   230 | D:2      | Reached XP level 2. HP: 20/24 MP: 3/3
   533 | D:2      | Gained mutation: A weak demonic guardian rushes to your aid. [demonic ancestry]
   533 | D:2      | Reached XP level 3. HP: 29/29 MP: 4/4
   605 | D:3      | Reached ** piety under Lugonu
   723 | D:3      | Found a glowing golden altar of the Shining One.
  1071 | D:3      | Found a white marble altar of Elyvilon.
  1107 | D:3      | Found a sparkling altar of Nemelex Xobeh.
  1266 | D:4      | Reached XP level 4. HP: 20/35 MP: 6/6
  1462 | D:4      | Reached XP level 5. HP: 26/42 MP: 7/7
  2150 | D:3      | Found a shadowy altar of Dithmenos.
  2496 | D:1      | Found a shattered altar of Ashenzari.
  3094 | D:2      | Reached *** piety under Lugonu
  3702 | D:3      | Noticed Ijyb
  3796 | D:2      | Killed Ijyb
  3796 | D:2      | Reached XP level 6. HP: 48/48 MP: 8/8
  3805 | D:3      | Banished Drunkenshrew's ghost
  3805 | D:3      | Reached skill level 1 in Throwing
  4171 | D:3      | You fall through a shaft!
  4405 | D:5      | Entered Level 5 of the Dungeon
  4750 | D:5      | You fall through a shaft for 3 floors!
  4761 | D:8      | Reached XP level 7. HP: 50/54 MP: 9/9
  5124 | D:9      | Reached skill level 1 in Axes
  5380 | D:8      | Reached **** piety under Lugonu
  5631 | D:6      | Corrupted D:6
  5631 | D:6      | Noticed a fire bat
  5631 | D:6      | Noticed a smoke demon
  5631 | D:6      | Noticed a tentacled starspawn
  5631 | D:6      | Noticed a green very ugly thing
  5631 | D:6      | Noticed an orange demon
  5631 | D:6      | Noticed a large abomination
  5632 | D:6      | Noticed an apocalypse crab
  5633 | D:6      | Noticed a hungry ghost
  5633 | D:6      | Noticed a large abomination
  5634 | D:6      | Noticed a starcursed mass
  5634 | D:6      | Noticed a giant orange brain
  5635 | D:6      | Noticed a raiju
  5638 | D:6      | Noticed a thrashing horror
  5642 | D:6      | Noticed an ice devil
  5642 | D:6      | Noticed a ynoxinul
  5642 | D:6      | Noticed a chaos spawn
  5645 | D:6      | Noticed an orange demon
  5649 | D:6      | Noticed a starcursed mass
  5650 | D:6      | Mangled by a large abomination

Skill      XL: |  1  2  3  4  5  6  7 |
---------------+----------------------+-----
Armour         | 2 3 4 |  4.5
Dodging        | 1 2 3 |  3.0
Maces & Flails | 2 3 |  3.8
Throwing       | 1 |  1.5
Fighting       | 4 |  4.5
Invocations    | 3 |  3.7
Axes           | 1 |  1.8
Stealth        | |  0.6

Action                   |  1- 3 |  4- 6 |  7- 9 || total
-------------------------+-------+-------+-------++-------
Melee: Mace              |   100 |       |       ||   100
       Flail             |    90 |   398 |       ||   488
       War axe           |       |    17 |   116 ||   133
Throw: Stone             |     6 |    12 |       ||    18
       Tomahawk          |       |     5 |     8 ||    13
Invok: Bend Space        |       |     2 |       ||     2
       Banish            |       |     1 |       ||     1
       Corrupt           |       |       |     1 ||     1
Evoke: Wand              |       |       |     4 ||     4
  Use: Scroll            |     7 |     7 |     3 ||    17
       Potion            |     1 |     4 |     2 ||     7
 Stab: Confused          |       |       |     1 ||     1
  Eat: Bread ration      |     1 |       |       ||     1
       Chunk             |       |     9 |     3 ||    12
       Pizza             |       |     1 |       ||     1
Armor: Ring mail         |    47 |       |       ||    47
       Chain mail        |    73 |   357 |       ||   430
       Plate armour      |       |    33 |   161 ||   194
Dodge: Dodged            |    88 |   138 |    26 ||   252
